 Dungeon Crawl Stone Soup version 0.29.0-13-gc9e81de378 (webtiles) character file.

Game seed: 9815907986478551767

1 cdecastro the Chopper (level 1, 0/19 HPs)
             Began as a Palentonga Berserker on Sept 9, 2022.
             Was a Follower of Trog.
             Succumbed to a kobold's poison
             ... on level 1 of the Dungeon.
             The game lasted 00:00:50 (117 turns).

cdecastro the Chopper (Palentonga Berserker)         Turns: 117, Time: 00:00:50

Health: 0/19       AC:  4    Str: 22    XL:     1   Next: 16%
Magic:  1/1        EV:  9    Int:  7    God:    Trog [*.....]
Gold:   19         SH:  0    Dex:  9    Spells: 0/0 levels left

rFire   . . .      SeeInvis +   a - +0 hand axe
rCold   . . .      Faith    .   (no shield)
rNeg    . . .      Spirit   .   b - +0 animal skin
rPois   .          Reflect  .   (no helmet)
rElec   .          Harm     .   (no cloak)
rCorr   .          Rampage  .   (no gloves)
Will    .....                   (no barding)
Stlth   +.........              (no amulet)
HPRegen 0.06/turn               (no ring)
MPRegen 0.07/turn               (no ring)

@: lethally poisoned (0 -> -19)
A: large, rugged brown scales 3, see invisible, deformed body, roll 1, armoured
tail
a: Rolling Charge, Renounce Religion, Berserk


You were on level 1 of the Dungeon.
You worshipped Trog.
Trog was aware of your devotion.
You visited 1 branch of the dungeon, and saw 1 of its levels.

You collected 19 gold pieces.

Inventory:

Hand Weapons
 a - a +0 hand axe (weapon)
Missiles
 d - 16 stones
Armour
 b - a +0 animal skin (worn)
Potions
 c - 2 potions of ambrosia {unknown}


   Skills:
 - Level 3.0 Fighting
 + Level 3.1 Axes
 - Level 1.5 Armour
 - Level 1.5 Dodging


You couldn't memorise any spells.
You didn't know any spells.
Your spell library was empty.

Dungeon Overview and Level Annotations

Branches:
Dungeon (1/15)

Altars:


Innate Abilities, Weirdness & Mutations

You are completely covered in rugged brown scales. (AC +3, +7% HP)
You have supernaturally acute eyesight. (SInv)
Armour fits poorly on your strangely shaped body.
You can roll at nearby foes to attack.
You have a long armoured tail.


Message History

Found a faded altar of an unknown god.
There is a faded altar of an unknown god here.
There is a faded altar of an unknown god here.
A quokka comes into view.
Found 10 gold pieces.
A quokka is nearby!
A kobold comes into view.
It is wielding a +2 short sword of venom.
You completely miss the quokka.
Your tail-slap misses the quokka.
The kobold shouts!
The quokka closely misses you.
You barely miss the quokka.
Your tail-slap misses the quokka.
The quokka bites you. The quokka closely misses you.
You hit the quokka but do no damage. The quokka closely misses you.
You hit the quokka.
The quokka is lightly wounded.
The quokka bites you. The quokka barely misses you.
You hit the quokka.
You kill the quokka!
Trog accepts your kill. The kobold attacks as you move away!
The kobold closely misses you. The kobold attacks as you move away!
The kobold barely misses you.
You closely miss the kobold.
Your tail-slap misses the kobold.
The kobold completely misses you.
You closely miss the kobold. The kobold hits you but does no damage.
You are poisoned.
You closely miss the kobold. You tail-slap the kobold.
The kobold is moderately wounded.
You feel very sick.
The kobold hits you with a +2 short sword of venom.
You are lethally poisoned!
You completely miss the kobold.
The kobold is moderately wounded.
* * * LOW HITPOINT WARNING * * *
You feel very sick.
The kobold hits you with a +2 short sword of venom.
* * * LOW HITPOINT WARNING * * *
You are more poisoned.
You hit the kobold.
The kobold is severely wounded.
You die...

#.## ##.....# #..######....#.#
#............#########.
#.##........._.........
#............###.......
############.........#.#.......
.................#.....#.......
.........#######.#.#.#.######.#
.........# #@#8^.#8# #
..........# #K#########
............####..........
.........##...............
.........##........†......
###########............... #
#............... #
#............... #
###$##..........


You could see a kobold.

Vanquished Creatures
  A quokka (D:1)
1 creature vanquished.

Notes
Turn   | Place    | Note
-------+----------+-------------------------------------------
     0 | D:1      | cdecastro the Palentonga Berserker began the quest for the
                  | Orb.
     0 | D:1      | Reached XP level 1. HP: 19/19 MP: 1/1
    73 | D:1      | Found a faded altar of an unknown god.
   117 | D:1      | Succumbed to a kobold's poison

Illustrated notes

Levels and vault maps discovered:
D:1:      dpeg_arrival_stone_temple_mockup, layout_rooms,
          shapermc_ecumenical_altar_mp_highgroup

Action                   || total
-------------------------++-------
Melee: Hand axe          ||    10
       Tailslap          ||     1
Invok: Berserk           ||     1
Armor: Animal skin       ||     1
Dodge: Dodged            ||     7
